 Dungeon Crawl Stone Soup version 0.26.1-11-gd32895ea62 (webtiles) character file.

Game seed: 14925682114630771172

25 Zeld the Twirler (level 3, -1/24 HPs)
             Began as an Octopode Gladiator on May 22, 2021.
             Slain by a frilled lizard (3 damage)
             ... on level 1 of the Dungeon.
             The game lasted 00:00:33 (630 turns).

Zeld the Twirler (Octopode Gladiator)                Turns: 630, Time: 00:00:34

Health: -1/24      AC:  1    Str: 14    XL:     3   Next: 4%
Magic:  3/3        EV: 14    Int: 10    God:
Gold:   64         SH:  0    Dex: 13    Spells: 2/2 levels left

rFire    . . .     SeeInvis .   a - +0 quarterstaff
rCold    . . .     Faith    .   (shield currently unavailable)
rNeg     . . .     Spirit   .   b - +0 hat
rPois    .         Reflect  .   (no amulet)
rElec    .         Harm     .   (no ring)
rCorr    .         Rampage  .   (no ring)
Will     .....                  (no ring)
Stlth    ++........             (no ring)
HPRegen  0.08/turn              (no ring)
MPRegen  0.08/turn              (no ring)
                                (no ring)
                                (no ring)

@: no status effects
A: almost no armour, stealthy swim, amphibious, 8 rings, constrict 8, camouflage
1, gelatinous body 1
a: no special abilities


You were on level 1 of the Dungeon.
You visited 1 branch of the dungeon, and saw 1 of its levels.

You collected 64 gold pieces.

Inventory:

Hand Weapons
 a - a +0 quarterstaff (weapon)
Missiles
 c - 3 throwing nets (quivered)
 g - 5 boomerangs
Armour
 b - a +0 hat (worn)
Jewellery
 h - an uncursed ring of protection from fire {unknown}
Scrolls
 d - 3 scrolls of enchant weapon {unknown}
 e - a scroll of remove curse {unknown}
 i - a scroll of enchant armour {unknown}
Potions
 f - a potion of brilliance {unknown}


   Skills:
 - Level 2.0 Fighting
 * Level 4.1 Staves
 - Level 2.0 Throwing
 - Level 3.0 Dodging


You had 2 spell levels left.
You didn't know any spells.
Your spell library was empty.

Dungeon Overview and Level Annotations

Branches:
Dungeon (1/15)

Altars:


Innate Abilities, Weirdness & Mutations

You cannot wear most types of armour.
You are very stealthy in the water. (Stealth+)
You are amphibious.
You can wear up to eight rings at the same time.
You can use your tentacles to constrict eight enemies at once.
Your skin changes colour to match your surroundings (Stealth+).
Your rubbery body absorbs attacks. (AC +1, EV +1)


Message History

Found 12 gold pieces.
Things that are here:
a cursed +0 club; a kobold corpse The frilled lizard closely misses you.
The rat bites you but does no damage.
You completely miss the rat. Your grab misses the rat.
The rat bites you but does no damage.
You closely miss the rat. Your grab misses the rat. The rat barely misses you.
You hit the rat. You grab the rat.
The rat is moderately wounded.
You constrict the rat.
You kill the rat!
The frilled lizard bites you.
* * * LOW HITPOINT WARNING * * *
You barely miss the frilled lizard. Your grab misses the frilled lizard.
The frilled lizard bites you.
* * * LOW HITPOINT WARNING * * *
You closely miss the frilled lizard. Your grab misses the frilled lizard.
The frilled lizard bites you.
You die...

# #.# #..## #.#
###.# ### #...#
#..
...)####.#####.#.#
##.
...............#.#
#..
..######.#######.#
#.. ..# ### #.#
##) ..# #)# #. ..#
#.# ##. ### #@#
#.. ########l# #..
......>..# ##..
.........# ####..⌠
..####..##
##...... #†)#
+.....⌠.<
......>........
###......
#$####.S###.#S#
####..⌠ .... ##..


You could see a ball python (wandering) and a frilled lizard.

Vanquished Creatures
  An ooze (D:1)
  A ball python (D:1)
  3 hobgoblins (D:1)
  7 goblins (D:1)
  6 kobolds (D:1)
  3 rats (D:1)
21 creatures vanquished.

Notes
Turn   | Place    | Note
-------+----------+-------------------------------------------
     0 | D:1      | Zeld the Octopode Gladiator began the quest for the Orb.
     0 | D:1      | Reached XP level 1. HP: 14/14 MP: 1/1
   227 | D:1      | Reached XP level 2. HP: 16/19 MP: 2/2
   615 | D:1      | Reached skill level 4 in Staves
   617 | D:1      | Reached XP level 3. HP: 16/24 MP: 3/3
   630 | D:1      | Slain by a frilled lizard

Illustrated notes

Levels and vault maps discovered:
D:1:      evilmike_arrival_plus, layout_loops_ring, minmay_pentomino_p4

Skill      XL: |  1  2 |
---------------+-------+-----
Staves         | 4 |  4.1
Fighting       | |  2.0
Throwing       | |  2.0
Dodging        | |  3.0

Action                   || total
-------------------------++-------
Melee: Quarterstaff      ||    36
       Constrict         ||     7
       Tentacles         ||     5
 Stab: Sleeping          ||     1
Armor: Skin              ||     3
Dodge: Dodged            ||    24
